 Dungeon Crawl Stone Soup version 0.30-a0-424-g7412bad402 (webtiles) character file.

Game seed: 16823678430322996915

1972 dr0g0th the Covert (level 9, -15/60 HPs)
             Began as an Octopode Brigand on Dec 10, 2022.
             Was a Believer of Dithmenos.
             Demolished by Joseph
             ... wielding a +0 quarterstaff
              (19 damage)
             ... on level 7 of the Dungeon.
             The game lasted 00:16:23 (6574 turns).

dr0g0th the Covert (Octopode Brigand)               Turns: 6574, Time: 00:16:23

Health: -15/60     AC:  5    Str: 12    XL:     9   Next: 20%
Magic:  9/9        EV: 15    Int: 19    God:    Dithmenos [**....]
Gold:   439        SH:  0    Dex: 18    Spells: 8/8 levels left

rFire   + + .      SeeInvis .    a - +3 dagger (freeze)
rCold   + . .      Faith    .    (no shield)
rNeg    + . .      Spirit   .    (helmet restricted)
rPois   +          Reflect  .    o - amulet of Soczeiz {Regen+ Str+2}
rElec   +          Harm     .    g - +4 ring of protection
rCorr   +          Rampage  .    m - +6 ring of intelligence
Will    .....                    q - ring of protection from fire
Stlth   ++++++++..               v - ring of positive energy
HPRegen 1.10/turn                (no ring)
MPRegen 0.11/turn                (no ring)
                                 (no ring)
                                 (no ring)

@: resistant, hasted, wreathed by umbra, very quick
A: almost no armour, amphibious, 8 rings, camouflage 1, gelatinous body 1,
(nimble swimmer 1), tentacles
a: Renounce Religion, Shadow Step


You were on level 7 of the Dungeon.
You worshipped Dithmenos.
Dithmenos was pleased with you.
You visited 1 branch of the dungeon, and saw 7 of its levels.
You also visited: Sewer.

You collected 439 gold pieces.

Inventory:

Hand Weapons
 a - a +3 dagger of freezing (weapon)
 e - a +0 rapier
Missiles
 b - 15 poisoned darts (quivered)
 c - 3 curare-tipped darts
Jewellery
 g - a +4 ring of protection (left tentacle)
 m - a +6 ring of intelligence (right tentacle)
 o - the amulet of Soczeiz (around mantle) {Regen+ Str+2}
   (You acquired it on level 7 of the Dungeon)

   [amulet of regeneration]

   Str:       It affects your strength (+2).
   Regen:     It increases your rate of health regeneration.
 q - a ring of protection from fire (on tentacle)
 v - a ring of positive energy (on tentacle)
Wands
 n - a wand of iceblast (5)
 r - a wand of mindburst (7)
Scrolls
 j - a scroll of enchant armour
 l - 5 scrolls of teleportation
 p - a scroll of amnesia
 t - a scroll of immolation
Potions
 f - 2 potions of degeneration
 h - 2 potions of haste
 i - a potion of ambrosia
 s - 2 potions of cancellation
 u - a potion of resistance
 x - a potion of invisibility
 z - a potion of magic {unknown}
 A - a potion of attraction


   Skills:
 + Level 4.8 Fighting
 + Level 6.4 Short Blades
 + Level 2.0 Throwing
 + Level 3.9 Dodging
 + Level 12.4 Stealth


You had 8 spell levels left.
You didn't know any spells.
Your spell library contained the following spells:

 Spells                   Type           Power      Damage    Failure   Level
 Scorch                   Fire           0%         2d5       30%         2
 Flame Wave               Conj/Fire      0%         2d4       90%         4
 Petrify                  Tmut/Erth      0%         N/A       90%         4
 Metabolic Englaciation   Hex/Ice        0%         N/A       99%         5
 Statue Form              Tmut/Erth      0%         N/A       100%        6
 Summon Cactus Giant      Summ           0%         N/A       100%        6


Dungeon Overview and Level Annotations

Branches:
Dungeon (7/15)             Temple (0/1) D:4           Sewer (visited)

Altars:
Ashenzari
Dithmenos
Gozag
Nemelex Xobeh
Sif Muna
Trog
Uskayaw
The Shining One

Shops:
D:4 ?   D:6 (

Annotations:
D:7 Joseph


Innate Abilities, Weirdness & Mutations

You cannot wear most types of armour.
You are amphibious.
You can wear up to eight rings at the same time.
Your skin changes colour to match your surroundings (Stealth+).
Your rubbery body absorbs attacks. (AC +1, EV +1)
((You are camouflaged when in or above water. (Stealth+)))
You have tentacles for arms and can constrict up to eight enemies at once.


Message History

Joseph hits you with a +0 quarterstaff!!
* * * LOW HITPOINT WARNING * * *
You are too injured to fight recklessly!
You feel better. Joseph misses you.
You hit Joseph. You freeze Joseph. Your grab misses Joseph.
You squeeze Joseph, but do no damage.
Joseph is lightly wounded.
You hit Joseph but do no damage. Your grab misses Joseph.
Your squeeze misses Joseph.
Joseph is lightly wounded.
Joseph misses you.
You hit Joseph. You freeze Joseph. You grab Joseph.
Joseph is lightly wounded.
You constrict Joseph, but do no damage. You hit Joseph. You freeze Joseph.
You squeeze Joseph.
Joseph is moderately wounded.
You constrict Joseph, but do no damage. Joseph hits you but does no damage.
You hit Joseph. You freeze Joseph.
Joseph is moderately wounded.
You constrict Joseph. You hit Joseph. You freeze Joseph.
Joseph is heavily wounded.
You constrict Joseph. Joseph completely misses you.
You hit Joseph. You freeze Joseph.
Joseph is severely wounded.
You constrict Joseph, but do no damage. You hit Joseph. You freeze Joseph.
Joseph is severely wounded.
You constrict Joseph.
Joseph hits you with a +0 quarterstaff!!
* * * LOW HITPOINT WARNING * * *
It was a potion of resistance.
You feel protected.
You constrict Joseph. You hit Joseph. You freeze Joseph.
Joseph is almost dead.
You constrict Joseph.
Joseph hits you with a +0 quarterstaff!!
You die...

#.#...........)......
#.#..................
###.#..................
#."....$...............
#.##...................
#.##...................
#!.....................
#.............. .......
#....@@..♣♣...♣♣.......
#........♣ ._..♣.......
##.......♣ ...♣.......
#...#...♣♣♣♣♣♣♣.......
#####.................
#.................
..................
..................
...............


You could see Joseph (strong).

Vanquished Creatures
  A wyvern (D:7)
  A water moccasin (D:6)
  2 black bears (D:7)
  An ice beast (D:5)
  A sky beast (D:6)
  3 ogres
  A kobold brigand (D:7)
  A necrophage (D:6)
  2 scorpions
  8 hounds
  3 jellies (Sewer)
  Crazy Yiuf (D:5)
  An orc priest (D:5)
  3 orc wizards (D:5)
  6 iguanas
  5 gnolls
  9 adders
  2 river rats (Sewer)
  A white imp (D:6)
  An ufetubus (D:6)
  A worm (D:2)
  A dart slug (D:4)
  20 orcs
  6 ball pythons
  4 bats
  10 endoplasms
  6 giant cockroaches
  4 goblins
  5 hobgoblins
  3 jackals (D:2)
  5 kobolds
  2 quokkas (D:1)
  4 frilled lizards
  8 rats
132 creatures vanquished.

Vanquished Creatures (others)
  2 fungi (D:5)
  3 toadstools (D:7)
5 creatures vanquished.

Grand Total: 137 creatures vanquished

Notes
Turn   | Place    | Note
-------+----------+-------------------------------------------
     0 | D:1      | dr0g0th the Octopode Brigand began the quest for the Orb.
     0 | D:1      | Reached XP level 1. HP: 14/14 MP: 1/1
   411 | D:1      | Reached XP level 2. HP: 17/19 MP: 2/2
   932 | D:2      | Reached skill level 6 in Stealth
  1172 | D:2      | Reached XP level 3. HP: 16/24 MP: 3/3
  1999 | D:3      | Found a shimmering blue altar of Sif Muna.
  2012 | D:3      | You fall into a shaft and drop 2 floors!
  2012 | D:5      | Entered Level 5 of the Dungeon
  2027 | D:5      | Noticed an ice beast
  2167 | D:4      | Found a shadowy altar of Dithmenos.
  2168 | D:4      | Found a sparkling altar of Nemelex Xobeh.
  2175 | D:4      | Became a worshipper of Dithmenos the Shadowed
  2210 | D:4      | Reached XP level 4. HP: 30/30 MP: 4/4
  2256 | D:4      | Found a hide-covered altar of Uskayaw.
  2285 | D:4      | Found a staircase to the Ecumenical Temple.
  2389 | D:4      | Noticed an ogre
  2750 | D:4      | Reached skill level 7 in Stealth
  2753 | D:4      | Reached XP level 5. HP: 13/35 MP: 5/5
  2974 | D:4      | Found Beodd's Magic Scroll Shop.
  3122 | D:4      | Noticed an ogre
  3132 | D:4      | Killed an ogre
  3133 | D:4      | Reached skill level 8 in Stealth
  3133 | D:4      | Reached XP level 6. HP: 26/41 MP: 6/6
  3416 | D:5      | Killed an ice beast
  3618 | D:5      | Reached XP level 7. HP: 36/46 MP: 7/7
  3628 | D:5      | Reached * piety under Dithmenos
  3629 | D:5      | Reached skill level 9 in Stealth
  4018 | D:5      | Found a bloodstained altar of Trog.
  4591 | D:5      | Found a runed translucent door.
  4592 | D:5      | Noticed Crazy Yiuf
  4601 | D:5      | Killed Crazy Yiuf
  4602 | D:5      | Reached skill level 5 in Short Blades
  4701 | D:6      | Reached XP level 8. HP: 54/54 MP: 8/8
  4921 | D:6      | Reached skill level 10 in Stealth
  5009 | D:6      | Found a glowing drain.
  5021 | Sewer    | Entered a sewer
  5100 | Sewer    | Reached ** piety under Dithmenos
  5302 | Sewer    | Found a viscous altar of Jiyva.
  5490 | D:6      | Found Romadom's Antique Weapon Shoppe.
  5652 | D:6      | Found a large runed translucent door.
  5999 | D:6      | Reached skill level 11 in Stealth
  6148 | D:6      | Found a large runed translucent door.
  6231 | D:6      | Found an opulent altar of Gozag.
  6241 | D:6      | Found a broken altar of Ashenzari.
  6296 | D:7      | Identified the +3 dagger of Traps {holy, rF++ Int+4}
  6305 | D:7      | Reached XP level 9. HP: 56/59 MP: 9/9
  6318 | D:7      | Reached skill level 12 in Stealth
  6504 | D:7      | Identified a scroll of acquirement
  6504 | D:7      | Acquired the amulet of Soczeiz {Regen+ Str+2}
  6545 | D:7      | Noticed Joseph
  6547 | D:7      | Found a glowing golden altar of the Shining One.
  6572 | D:7      | HP: 3/60 [Joseph/+0 quarterstaff (18)]
  6574 | D:7      | Demolished by Joseph

Illustrated notes

Levels and vault maps discovered:
D:1:      dpeg_arrival_boxes_within_box, layout_loops_corners
D:2:      layout_rooms, minmay_bisected
D:3:      layout_basic, old_standard_altar
D:4:      layout_basic, nicolae_overflow_two_pavilions,
          eat_drink_and_be_merry_uskayaw, minmay_temple_entry_sparse_star,
          serial_shops, nicolae_square_shop, hangedman_decor_growths,
          minmay_bent
D:5:      layout_loops_ring, lemuel_tele_altar, uniq_crazy_yiuf_cottage
D:6:      layout_cave_pods, jmf_multi_god_temple2, portal_sewer_entry_d,
          nicolae_stop_n_shop_1
D:7:      layout_basic, mainiacjoe_overflow_alcove_1,
          ebering_ghost_disaster_area, nicolae_specific_store,
          minmay_gold_behind_fungi, skrybe_limestone_x, minmay_ruined_shrine,
          uniq_menkaure, uniq_joseph

Skill      XL: |  1  2  3  4  5  6  7  8  9 |
---------------+----------------------------+-----
Stealth        | 6 7 8 9 11 12 | 12.4
Short Blades   | 3 4 5 6 |  6.4
Fighting       | 3 4 |  4.8
Dodging        | 2 3 |  3.9
Throwing       | |  2.0

Action                   |  1- 3 |  4- 6 |  7- 9 || total
-------------------------+-------+-------+-------++-------
Melee: Dagger            |    65 |    75 |   223 ||   363
       Constrict         |    16 |     7 |    43 ||    66
       Tentacles         |    15 |    14 |    57 ||    86
       Punch             |       |     1 |     4 ||     5
  Use: Scroll            |     3 |     7 |     4 ||    14
       Potion            |     1 |     8 |     7 ||    16
 Stab: Sleeping          |    12 |     5 |    23 ||    40
       Distracted        |       |     1 |       ||     1
Armor: Skin              |     8 |     8 |     8 ||    24
Dodge: Dodged            |    44 |    28 |   136 ||   208

Table legend: (Time is in decaauts)
 A = Elapsed time spent in this place.
 B = Non-inter-level travel time spent in this place.
 C = Inter-level travel time spent in this place.
 D = Time resting spent in this place.
 E = Time spent auto-exploring this place.
 F = Levels seen in this place.
 G = Mean time per level.
                   A        B        C        D        E       F      G
               +--------+--------+--------+--------+--------+-----+--------+
         Total |   6456 |   6231 |    225 |    785 |   4300 |   8 |  807.0 |
       Dungeon |   6040 |   5815 |    225 |    661 |   4175 |   7 |  862.9 |
         Sewer |    416 |    416 |      0 |    124 |    125 |   1 |  416.0 |
               +--------+--------+--------+--------+--------+-----+--------+

Top non-repeatable levels by time:
     D:5: 1377 daAuts
     D:6: 1130 daAuts
     D:4: 980 daAuts
     D:1: 909 daAuts
     D:2: 780 daAuts
     D:3: 592 daAuts
   Sewer: 416 daAuts
     D:7: 269 daAuts
